 Dungeon Crawl Stone Soup version 0.31.0-12-g77e489cdc1 (webtiles) character file.

Game seed: 8181329257861445474

84 hiirsack the Sneak (level 4, 0/26 HPs)
             Began as a Kobold Brigand on Feb 22, 2024.
             Slain by a gnoll
             ... wielding a +0 halberd
              (8 damage)
             ... on level 2 of the Dungeon.
             The game lasted 00:17:17 (1536 turns).

hiirsack the Sneak (Kobold Brigand)                 Turns: 1536, Time: 00:17:18

Health: 0/26       AC:  5    Str:  8    XL:     4   Next: 72%
Magic:  4/4        EV: 14    Int: 12    God:
Gold:   132        SH:  0    Dex: 18    Spells: 3/3 levels left

rFire   . . .        a - +2 dagger
rCold   + + .        (no shield)
rNeg    + . .        n - +0 leather armour
rPois   .            (no helmet)
rElec   .            p - scarf {rC+ rF+}
rCorr   .            l - +1 pair of gloves
SInv    .            (no boots)
Will    .....        (no amulet)
Stlth   ++++         k - ring of ice
HPRegen 0.24/turn    s - ring of positive energy
MPRegen 0.09/turn

%: no passive effects
@: no status effects
A: small, no large weapons, nightstalker 3
a: no special abilities


You were on level 2 of the Dungeon.
You visited 1 branch of the dungeon, and saw 2 of its levels.

You collected 132 gold pieces.

Inventory:

Hand Weapons
 a - a +2 dagger (weapon)
 i - a +0 short sword
Missiles
 d - 7 poisoned darts (quivered)
 e - 3 curare-tipped darts
Armour
 b - a +0 robe
 c - a +0 cloak
 l - a +1 pair of gloves (worn)
 n - a +0 leather armour (worn)
 p - a scarf of resistance (worn)
Jewellery
 k - a ring of ice (left hand)
 s - a ring of positive energy (right hand)
Scrolls
 f - a scroll of butterflies {unknown}
 g - 2 scrolls of noise {unknown}
 h - a scroll of teleportation {unknown}
 j - a scroll of silence {unknown}
 q - a scroll of poison {unknown}
Potions
 m - a potion of brilliance {unknown}
 o - a potion of heal wounds {unknown}
 r - a potion of degeneration {unknown}


   Skills:
 - Level 2.1 Fighting
 * Level 4.2 Short Blades
 - Level 2.1 Throwing
 * Level 2.2 Dodging
 + Level 6.7 Stealth


You had 3 spell levels left.
You didn't know any spells.
Your spell library was empty.

Dungeon Overview and Level Annotations

Branches:
Dungeon (2/15)

Altars:


Innate Abilities, Weirdness & Mutations

You are small and have problems with some larger weapons.
You are completely attuned to the shadows.


Message History

The gnoll closely misses you.
You barely miss the gnoll.
The gnoll is heavily wounded.
The gnoll barely misses you. The gnoll hits you with a +0 club.
You hit the gnoll but do no damage.
The gnoll is heavily wounded.
The gnoll misses you. The gnoll barely misses you.
You hit the gnoll.
The gnoll is severely wounded.
The gnoll barely misses you.
The gnoll hits you from afar with a +0 halberd.
You hit the gnoll but do no damage.
The gnoll is severely wounded.
You hit the gnoll but do no damage.
The gnoll is severely wounded.
The gnoll barely misses you. x2
You hit the gnoll.
The gnoll is almost dead.
The gnoll hits you from afar with a +0 halberd.
The gnoll misses you.
You hit the gnoll.
You kill the gnoll!
The gnoll hits you but does no damage. The gnoll attacks as it pursues you!
The gnoll hits you from afar with a +0 halberd.
The gnoll attacks as it pursues you! The gnoll barely misses you.
Throw: 9 darts (poison)
Press: ? - help, Q - select action, (/) - cycle Shift-Dir - straight line, f - gnoll
Aim: a gnoll, wielding a +0 halberd (heavily wounded, 64% to hit)
You throw a poisoned dart.
The poisoned dart barely misses the gnoll.
Throw: 8 darts (poison)
Press: ? - help, Q - select action, (/) - cycle Shift-Dir - straight line, f/p - gnoll
Aim: a gnoll, wielding a +0 halberd (heavily wounded, 64% to hit)
You throw a poisoned dart. The poisoned dart hits the gnoll.
The gnoll is heavily wounded.
The gnoll hits you from afar with a +0 halberd.
The gnoll attacks as it pursues you!
The gnoll hits you from afar with a +0 halberd!
You die...

...# #.# #........#
...####.#####.######.#
.............†>...##.#
...##.....###.###.##.#
...###...## #......#.#
##......## #.###..#.#
######.# #........# #.#
#.##.###.# ##'## #.##@# #.#
##...## #.##.###.#
##.....###.##g....#
##.......##.###..###
###.........#.....g#######.#
..+.........'......(..g.)...
###......>..####...########.
##.[.....## ##..# ##....†##
##.#


You could see 2 gnolls.

Vanquished Creatures
  2 gnolls
  An adder (D:2)
  2 ribbon worms (D:2)
  A dart slug (D:1)
  A ball python (D:1)
  3 bats
  3 endoplasms
  3 goblins (D:1)
  7 hobgoblins
  7 jackals (D:1)
  3 kobolds (D:1)
  2 quokkas
  5 frilled lizards
  3 rats
  A spectral kobold (D:2)
44 creatures vanquished.

Notes
Turn   | Place    | Note
-------+----------+-------------------------------------------
     0 | D:1      | hiirsack the Kobold Brigand began the quest for the Orb.
     0 | D:1      | Reached XP level 1. HP: 12/12 MP: 1/1
    88 | D:1      | Reached XP level 2. HP: 17/17 MP: 2/2
   347 | D:1      | Reached skill level 6 in Stealth
   353 | D:1      | Reached XP level 3. HP: 21/21 MP: 3/3
   887 | D:2      | Reached XP level 4. HP: 26/26 MP: 4/4
   977 | D:2      | Found a faded altar of an unknown god.
  1536 | D:2      | Slain by a gnoll

Illustrated notes

Levels and vault maps discovered:
D:1:      dpeg_arrival_morbid_curiosity, layout_basic
D:2:      layout_loops_corners, dreamdust_ecumenical_altar_drowned_temple

Skill      XL: |  1  2  3  4 |
---------------+-------------+-----
Short Blades   | 3 4 |  4.2
Stealth        | 6 |  6.7
Dodging        | 2 |  2.2
Fighting       | |  2.1
Throwing       | |  2.1

Action                     |  1- 3 |  4- 6 || total
---------------------------+-------+-------++-------
  Melee: Dagger            |    68 |    64 ||   132
         Punch             |     1 |       ||     1
  Throw: Dart              |     1 |     2 ||     3
   Stab: Sleeping          |    19 |     6 ||    25
 Armour: Robe              |    19 |       ||    19
         Leather armour    |       |    26 ||    26
  Dodge: Dodged            |    39 |    29 ||    68
